 Dungeon Crawl Stone Soup version 0.17-a0-1802-g9847487 (webtiles) character file.

1193 Psiweapon the Cudgeler (level 8, -7/62 HPs)
             Began as a Formicid Chaos Knight on Sept 11, 2015.
             Mangled by a gnoll
             ... wielding a +1 rapier of venom
              (8 damage)
             ... on level 6 of the Dungeon.
             The game lasted 00:15:57 (5394 turns).

Psiweapon the Cudgeler (Formicid Chaos Knight)      Turns: 5394, Time: 00:15:57

Health: -7/62      AC:  7    Str: 20    XL:     8   Next: 71%
Magic:  8/8        EV: 13    Int: 13    God:    Xom [....*.]
Gold:   276        SH:  0    Dex: 10    Spells: 0 memorised, 7 levels left

rFire  . . .     SeeInvis +     a - +0 mace (chaos)
rCold  + . .     Clarity  +     b - +3 leather armour
rNeg   . . .     SustAt   .     (no shield)
rPois  .         Gourm    .     (helmet unavailable)
rElec  .         Spirit   .     n - +0 cloak
rCorr  .         Warding  .     (no gloves)
rMut   .         Stasis   +     (no boots)
MR     +....                    (no amulet)
Stlth  ++........               (no ring)
                                v - ring of protection from magic

@: lethally poisoned (-7 -> -30), drained, somewhat resistant to hostile
enchantments, unstealthy
A: permanent stasis, dig shafts and tunnels, four strong arms, antennae 3,
clarity, cold resistance 1, strong 1, wild magic 1
a: Dig, Shaft Self, Renounce Religion


You were on level 6 of the Dungeon.
You worshipped Xom.
You were a beloved toy of Xom.
You were not hungry.

You visited 1 branch of the dungeon, and saw 6 of its levels.

You collected 276 gold pieces.

Inventory:

Hand weapons
 a - a +0 mace of chaos (weapon)
 x - a +0 morningstar
 F - a +0 dagger of electrocution
Armour
 b - a +3 leather armour (worn)
 f - a +0 scale mail
 n - a +0 cloak (worn)
Jewellery
 d - a cursed -2 ring of intelligence
 e - an uncursed ring of fire
 r - a -2 ring of intelligence
 u - an uncursed amulet of inaccuracy
 v - a ring of protection from magic (left hand)
Magical devices
 D - a wand of fireball (7)
Scrolls
 h - 2 scrolls of blinking
 j - 2 scrolls of identify {unknown}
 k - 2 scrolls of remove curse
 o - 4 scrolls of teleportation
 q - 2 scrolls of recharging {unknown}
 s - 2 scrolls of enchant armour
 y - a scroll of fog {unknown}
 B - a scroll of summoning {unknown}
 C - a scroll of fear {unknown}
 E - a scroll of magic mapping {unknown}
 G - a scroll of random uselessness {unknown}
Potions
 g - 3 potions of resistance {unknown}
 i - a potion of degeneration {unknown}
 m - 3 potions of curing
 w - a potion of mutation {unknown}
 z - a potion of heal wounds {unknown}
 A - 3 potions of haste {unknown}
Comestibles
 c - 6 bread rations
 l - 2 slices of pizza
 p - 3 meat rations
 H - a royal jelly


   Skills:
 + Level 5.3(4.8) Fighting
 + Level 5.9(5.4) Maces & Flails
 + Level 4.7(4.2) Armour
 + Level 4.4(4.0) Dodging
 + Level 4.8(4.4) Stealth


You had 7 spell levels left.
You didn't know any spells.

Dungeon Overview and Level Annotations

Branches:
Dungeon (6/15)
 Temple: D:4-7

Altars:
Ashenzari
Dithmenos
Fedhas
Gozag
Nemelex Xobeh
Trog
Jiyva

Shops:
D:6 :


Innate Abilities, Weirdness & Mutations

You are under a permanent stasis effect.
You can dig through walls and to a lower floor.
Your four strong arms can wield two-handed weapons with a shield.
You have a pair of large antennae on your head (SInv).
You possess an exceptional clarity of mind.
Your flesh is cold resistant.
Your muscles are strong. (Str +2)
Your spells are a little harder to cast, but a little more powerful.


Message History

You feel sick.
The gnoll hits you with a rapier of venom!
* * * LOW HITPOINT WARNING * * *
You are more poisoned.
The gnoll misses you.
The gnoll hits you with a rapier of venom.
* * * LOW HITPOINT WARNING * * *
You hit the gnoll but do no damage. Strange energies run through your body.
The gnoll is severely wounded.
* * * LOW HITPOINT WARNING * * *
You feel very sick. The gnoll closely misses you.
The gnoll hits you from afar with a spear.
* * * LOW HITPOINT WARNING * * *
You barely miss the gnoll.
The gnoll is severely wounded.
* * * LOW HITPOINT WARNING * * *
You feel very sick.
The gnoll hits you with a rapier of venom!
You die...

...#........##.####..#
#.###.###.####.# #).##
######.#...###.####...#
....#^......##.##.....#
...#......).....#.#...#
................#.#.###
.).###.#....###.#.#.####
....##.##..####.#<.....#
#####.........#g@......#
##.##..##.....#+#..#
####..####.g.+ ..#
#...{# #...# # #.###.##
#.... #. ##.# #..... #
#.# #.#### #.. .. .###


You could see 2 gnolls.

Vanquished Creatures
  2 ice beasts
  A sky beast (D:4)
  An ogre (D:5)
  A centaur (D:6)
  2 phantoms
  4 wights (D:6)
  3 orc priests (D:6)
  A jelly (D:5)
  A giant frog skeleton (D:6)
  2 worker ants
  An orc wizard (D:6)
  5 adders
  A shadow imp (D:6)
  5 oozes
  5 worms
  5 giant geckos
  12 orcs
  A ball python (D:3)
  8 bats
  8 giant cockroaches
  7 hobgoblins
  11 jackals
  18 kobolds
  7 quokkas
  6 giant newts
  9 goblins
  12 rats
139 creatures vanquished.

Vanquished Creatures (collateral kills)
  An orc (D:6)
1 creature vanquished.

Vanquished Creatures (others)
  A wight (D:6)
1 creature vanquished.

Grand Total: 141 creatures vanquished

Notes
Turn   | Place    | Note
--------------------------------------------------------------
     0 | D:1      | Psiweapon the Formicid Chaos Knight began the quest for the Orb.
     0 | D:1      | Reached XP level 1. HP: 18/18 MP: 1/1
   140 | D:1      | Reached skill level 1 in Dodging
   149 | D:1      | XOM: harmless Tloc miscast
   181 | D:1      | Reached XP level 2. HP: 13/24 MP: 2/2
   434 | D:1      | XOM: draining
   653 | D:1      | Reached XP level 3. HP: 27/29 MP: 3/3
   883 | D:2      | Found a sparkling altar of Nemelex Xobeh.
   929 | D:2      | XOM: summons 4 hostile shadow creatures
   942 | D:2      | XOM: god gift: 52 gold pieces
  1095 | D:2      | Reached XP level 4. HP: 23/36 MP: 4/4
  1206 | D:2      | XOM: silly message
  1258 | D:2      | XOM: potion effect (invisibility)
  1485 | D:2      | XOM: silly message
  1546 | D:2      | XOM: harmless Air miscast
  1822 | D:3      | XOM: divination: magic mapping
  1846 | D:3      | Reached skill level 4 in Maces & Flails
  1846 | D:3      | Reached XP level 5. HP: 37/42 MP: 5/5
  2084 | D:3      | XOM: smoke on damage
  2163 | D:3      | Reached skill level 1 in Stealth
  2391 | D:3      | XOM: colour smoke trail
  2479 | D:3      | XOM: harmless Pois miscast
  2849 | D:4      | Noticed a sky beast
  2849 | D:4      | a scorpion changed into a sky beast
  2858 | D:4      | Killed a sky beast
  2858 | D:4      | Reached XP level 6. HP: 8/48 MP: 6/6
  3085 | D:4      | Noticed an ogre
  3104 | D:3      | XOM: harmless Conj miscast
  3139 | D:3      | XOM: divination: detect creatures
  3565 | D:5      | Entered Level 5 of the Dungeon
  3657 | D:5      | Noticed an ice beast
  3666 | D:5      | Killed an ice beast
  3666 | D:5      | Reached XP level 7. HP: 40/54 MP: 7/7
  3711 | D:5      | XOM: harmless Erth miscast
  3725 | D:5      | Found a shadowy altar of Dithmenos.
  3783 | D:5      | XOM: divination: detect creatures
  3791 | D:5      | Found a viscous altar of Jiyva.
  3820 | D:5      | XOM: god gift: morningstar {god gift}
  3920 | D:5      | XOM: confuse monster(s)
  3930 | D:5      | Reached skill level 5 in Maces & Flails
  3932 | D:5      | XOM: god gift: scroll labeled SAOWIO QINOWIM
  4406 | D:5      | XOM: give mutations
  4406 | D:5      | Gained mutation: Your flesh is cold resistant. [Xom's grace]
  4406 | D:5      | Gained mutation: Your spells are a little harder to cast, but a little more powerful. [Xom's grace]
  4406 | D:5      | Gained mutation: Your muscles are strong. (Str +2) [Xom's grace]
  4406 | D:5      | Gained mutation: You possess an exceptional clarity of mind. [Xom's grace]
  4536 | D:6      | Found Xemmoit's Book Emporium.
  4550 | D:6      | XOM: god gift: bread ration
  4621 | D:6      | XOM: enchant monster (good)
  4625 | D:6      | XOM: enchant monster (good)
  4628 | D:6      | Reached XP level 8. HP: 47/61 MP: 8/8
  4642 | D:6      | Found a bloodstained altar of Trog.
  4643 | D:6      | Found an opulent altar of Gozag.
  4693 | D:6      | Found a shattered altar of Ashenzari.
  4717 | D:6      | XOM: summons 4 friendly demons
  4724 | D:6      | XOM: smoke on damage
  4873 | D:6      | Found a blossoming altar of Fedhas.
  4960 | D:6      | Found a sparkling altar of Nemelex Xobeh.
  5006 | D:6      | Reached skill level 5 in Fighting
  5117 | D:6      | XOM: enchant monster (good)
  5129 | D:6      | XOM: summons friendly iron imp
  5146 | D:6      | HP: 3/62 [wight/enchanted battleaxe (3)]
  5394 | D:6      | HP: 1/62 [poisoned by a gnoll]
  5394 | D:6      | Mangled by a gnoll

Vault maps used:
D:1:      evilmike_arrival_rings
D:2:      lemuel_doored_altar
D:3:      hex_large, roderic_roman_lattice, wad_rectangle_vault
D:4:      minmay_distorted
D:5:      grunt_dithmenos_smoke_and_mirrors, first_bread, st_stairs_4,
          jiyva_altar_1
D:6:      lemuel_coloured_pillars_altar, ashenzari_altar_1, minitemple,
          serial_shops, kennysheep_mini_moat,
          nicolae_shop_temple_entry_statues_fountains,
          nemelex_lonely_heart_becter

Action                   |  1- 3 |  4- 6 |  7- 9 || total
-------------------------+-------+-------+-------++-------
Melee: Mace              |   125 |   272 |   138 ||   535
       Morningstar       |       |       |    28 ||    28
 Abil: Dig               |       |     2 |       ||     2
  Use: Scroll            |       |     4 |       ||     4
       Potion            |       |       |     2 ||     2
 Stab: Confused          |     1 |       |     3 ||     4
       Invisible         |       |     2 |       ||     2
       Paralysed         |       |     2 |     3 ||     5
       Sleeping          |       |     1 |     2 ||     3
       Petrified         |       |       |     1 ||     1
  Eat: Chunk             |     1 |     9 |     4 ||    14
       Beef jerky        |       |       |     1 ||     1
